TOP OF THE 1ST |
Atlanta Braves batting - Pitching for Miami Marlins : RHP John Dinsmore
|
Pitching: RHP John Dinsmore
|
|
Batting: RHB Liangde Li
|
0-0: Called Strike 0-1: Foul Ball, location: 2F 0-2: Ball 1-2: Ball 2-2: Foul Ball, location: 2F 2-2: Ground out 4-3 (Groundball, 4, EV 83.8 MPH)
|
Batting: RHB Ray Llewellyn
|
0-0: Called Strike 0-1: Swinging Strike 0-2: Ball 1-2: Strikes out swinging
|
Batting: RHB Liu-liang Lei
|
0-0: Foul Ball, location: 2F 0-1: Swinging Strike 0-2: Ground out 6-3 (Groundball, 56, EV 101.3 MPH)
|
Top of the 1st over - 0 runs, 0 hits, 0 errors, 0 left on base; Atlanta 0 - Miami 0 |
BOTTOM OF THE 1ST |
Miami Marlins batting - Pitching for Atlanta Braves : LHP Joe Testa
|
Pitching: LHP Joe Testa
|
|
Batting: RHB Jeff Garofalo
|
0-0: Ball 1-0: Ball 2-0: Called Strike 2-1: Ball 3-1: Foul Ball, location: 2F 3-2: Ground out 5-3 (Groundball, 5L, EV 81.9 MPH)
|
Batting: RHB Justin Huff
|
0-0: Swinging Strike 0-1: Ball 1-1: Fly out, F8 (Flyball, 8RS, EV 84.4 MPH)
|
Batting: LHB Andre Gorter
|
0-0: Ball 1-0: Called Strike 1-1: Foul Ball, location: 2F 1-2: DOUBLE (Line Drive, 78D, EV 101.9 MPH)
|
Batting: RHB Jimmy Groseclose
|
0-0: Ball 1-0: Swinging Strike 1-1: Ball 2-1: Foul Ball, location: 2F 2-2: Ball 3-2: Base on Balls
|
Batting: RHB Mark Barger
|
0-0: 3-RUN HOME RUN (Flyball, 89XD, EV 104.4 MPH), Distance : 420 ft
|
Batting: RHB Roger Salazar
|
0-0: Ball 1-0: Ground out 6-3 (Groundball, 6, EV 88.8 MPH)
|
Bottom of the 1st over - 3 runs, 2 hits, 0 errors, 0 left on base; Atlanta 0 - Miami 3 |
TOP OF THE 2ND |
Atlanta Braves batting - Pitching for Miami Marlins : RHP John Dinsmore
|
Batting: RHB Jim Zucco
|
0-0: Ball 1-0: Ground out 6-3 (Groundball, 6, EV 91.9 MPH)
|
Batting: RHB Butch Kaiser
|
0-0: Ball 1-0: Ground out 6-3 (Groundball, P, EV 89.4 MPH)
|
Batting: LHB Tom Best
|
0-0: Ball 1-0: Ball 2-0: Foul Ball, location: 2F 2-1: Ball 3-1: Foul Ball, location: 2F 3-2: Strikes out swinging
|
Top of the 2nd over - 0 runs, 0 hits, 0 errors, 0 left on base; Atlanta 0 - Miami 3 |
BOTTOM OF THE 2ND |
Miami Marlins batting - Pitching for Atlanta Braves : LHP Joe Testa
|
Batting: RHB Seth Tramontano
|
0-0: SINGLE (Line Drive, 7S, EV 101.3 MPH)
|
Batting: RHB Micah Christopher
|
0-0: Ball 1-0: Foul Ball, location: 2F 1-1: Ball 2-1: Called Strike 2-2: Foul Ball, location: 2F 2-2: Foul Ball, location: 2F 2-2: Foul Ball, location: 2F 2-2: SINGLE (Groundball, 4D, EV 99.4 MPH) Seth Tramontano to second Runner from 2nd tries for 3rd, SAFE, throw by RF made to third
|
Batting: RHB Steve Barnard
|
0-0: Ball 1-0: Called Strike 1-1: Ball 2-1: Ball 3-1: Foul Ball, location: 2F 3-2: Strikes out swinging
|
Batting: RHB Jeff Garofalo
|
0-0: Called Strike 0-1: Fly out, F8 (Flyball, 8RM, EV 92.5 MPH) Runner from 3rd tags up, SCORES, throw by CF
|
Batting: RHB Justin Huff
|
0-0: Swinging Strike 0-1: Ball 1-1: SINGLE (Groundball, 34D, EV 95.6 MPH) Micah Christopher to second Runner from 2nd tries for 3rd, SAFE, throw by RF made to third Justin Huff to second
|
Batting: LHB Andre Gorter
|
0-0: Ball 1-0: Ball Wild Pitch! Micah Christopher scores Justin Huff to third 2-0: Fly out, F8 (Flyball, 8RD, EV 102.5 MPH)
|
Bottom of the 2nd over - 2 runs, 3 hits, 0 errors, 1 left on base; Atlanta 0 - Miami 5 |
TOP OF THE 3RD |
Atlanta Braves batting - Pitching for Miami Marlins : RHP John Dinsmore
|
Batting: LHB Colin Worthington
|
0-0: Ball 1-0: Foul Ball, location: 2F 1-1: Ball 2-1: Fly out, F7 (Flyball, 78S, EV 87.5 MPH)
|
Batting: LHB Yasahiko Teshima
|
0-0: Ball 1-0: Foul Ball, location: 2F 1-1: Foul Ball, location: 2F 1-2: Ball 2-2: Foul Ball, location: 2F 2-2: Ball 3-2: Foul Ball, location: 2F 3-2: Strikes out swinging
|
Batting: RHB Danny Anderson
|
0-0: Fly out, F9 (Flyball, 9LS, EV 80.6 MPH)
|
Top of the 3rd over - 0 runs, 0 hits, 0 errors, 0 left on base; Atlanta 0 - Miami 5 |
BOTTOM OF THE 3RD |
Miami Marlins batting - Pitching for Atlanta Braves : LHP Joe Testa
|
Batting: RHB Jimmy Groseclose
|
0-0: Ball 1-0: Foul Ball, location: 2F 1-1: Fly out, F9 (Flyball, 9LS, EV 75.0 MPH)
|
Batting: RHB Mark Barger
|
0-0: Foul Ball, location: 2F 0-1: Foul Ball, location: 2F 0-2: Ground out 5-3 (Groundball, 56, EV 88.8 MPH)
|
Batting: RHB Roger Salazar
|
0-0: Ball 1-0: Ball 2-0: Foul Ball, location: 2F 2-1: Ball 3-1: Swinging Strike 3-2: Ground out U3 (Groundball, 3, EV 90.6 MPH)
|
Bottom of the 3rd over - 0 runs, 0 hits, 0 errors, 0 left on base; Atlanta 0 - Miami 5 |
TOP OF THE 4TH |
Atlanta Braves batting - Pitching for Miami Marlins : RHP John Dinsmore
|
Batting: RHB Liangde Li
|
0-0: Called Strike 0-1: TRIPLE (Line Drive, 7LD, EV 106.3 MPH)
|
Batting: RHB Ray Llewellyn
|
0-0: Ball 1-0: Ball Wild Pitch! Liangde Li scores 2-0: Ball 3-0: Base on Balls
|
Batting: RHB Liu-liang Lei
|
0-0: Ball 1-0: Ball 2-0: Ball 3-0: Called Strike 3-1: Called Strike 3-2: Fly out, F3 (Popup, 34S, EV 85.0 MPH)
|
Batting: RHB Jim Zucco
|
0-0: Ball 1-0: Called Strike Ray Llewellyn steals 2nd, throwing error, E2 Ray Llewellyn to third 1-1: Ball 2-1: Ball 3-1: Foul Ball, location: 2F 3-2: Foul Ball, location: 2F 3-2: Ground out 5-3 (Groundball, 5, EV 89.4 MPH)
|
Batting: RHB Butch Kaiser
|
0-0: Ball 1-0: Ball 2-0: Foul Ball, location: 2F 2-1: Called Strike 2-2: Ground out 6-3 (Groundball, 56, EV 106.9 MPH)
|
Top of the 4th over - 1 run, 1 hit, 1 error, 1 left on base; Atlanta 1 - Miami 5 |
BOTTOM OF THE 4TH |
Miami Marlins batting - Pitching for Atlanta Braves : LHP Joe Testa
|
Pitching: RHP Alex Montes
|
|
Batting: RHB Seth Tramontano
|
0-0: Ball 1-0: Foul Ball, location: 2F 1-1: Fly out, F8 (Flyball, 8LD, EV 97.5 MPH)
|
Batting: RHB Micah Christopher
|
0-0: Ball 1-0: Foul Ball, location: 2F 1-1: Foul Ball, location: 2F 1-2: Ball 2-2: Strikes out looking
|
Batting: RHB Steve Barnard
|
0-0: Foul Ball, location: 2F 0-1: Called Strike 0-2: Ball 1-2: Ball 2-2: Strikes out swinging
|
Bottom of the 4th over - 0 runs, 0 hits, 0 errors, 0 left on base; Atlanta 1 - Miami 5 |
TOP OF THE 5TH |
Atlanta Braves batting - Pitching for Miami Marlins : RHP John Dinsmore
|
Batting: LHB Tom Best
|
0-0: Ball 1-0: Ball 2-0: Ball 3-0: Called Strike 3-1: Foul Ball, location: 2F 3-2: Foul Ball, location: 2F 3-2: SINGLE (Groundball, 56D, EV 104.4 MPH)
|
Batting: LHB Colin Worthington
|
0-0: Ball 1-0: Called Strike 1-1: Foul Ball, location: 2F 1-2: Ball 2-2: Foul Ball, location: 2F 2-2: Ball 3-2: SINGLE (Groundball, 25, EV 71.9 MPH) (infield hit) Tom Best to second
|
Batting: LHB Yasahiko Teshima
|
0-0: Ball Wild Pitch! Tom Best to third Colin Worthington to second 1-0: Fly out, F7 (Flyball, 78M, EV 87.5 MPH)
|
Batting: RHB Danny Anderson
|
0-0: Called Strike 0-1: Foul Ball, location: 2F 0-2: Ball 1-2: Strikes out swinging
|
Batting: RHB Liangde Li
|
0-0: Ball 1-0: Called Strike 1-1: Foul Ball, location: 2F 1-2: Ball 2-2: Foul Ball, location: 2F 2-2: Ball 3-2: Ground out U3 (Groundball, 23, EV 85.6 MPH)
|
Top of the 5th over - 0 runs, 2 hits, 0 errors, 2 left on base; Atlanta 1 - Miami 5 |
BOTTOM OF THE 5TH |
Miami Marlins batting - Pitching for Atlanta Braves : RHP Alex Montes
|
Batting: RHB Jeff Garofalo
|
0-0: Ball 1-0: Foul Ball, location: 2F 1-1: Ball 2-1: Called Strike 2-2: Ball 3-2: Base on Balls
|
Batting: RHB Justin Huff
|
0-0: Swinging Strike 0-1: Ball Jeff Garofalo steals 2nd base 1-1: Ball 2-1: Ground out 6-3 (Groundball, 6, EV 105.0 MPH)
|
Batting: LHB Andre Gorter
|
0-0: Ball 1-0: Ball 2-0: Ball 3-0: SINGLE (Groundball, 6D, EV 103.8 MPH) Jeff Garofalo to third Runner from 3rd tries for Home, SAFE, throw by CF to home
|
Batting: RHB Jimmy Groseclose
|
0-0: Ball Andre Gorter steals 2nd base 1-0: Ground out 6-3 (Groundball, 6, EV 98.8 MPH)
|
Batting: RHB Mark Barger
|
0-0: Ball 1-0: Called Strike 1-1: Called Strike 1-2: Foul Ball, location: 2F 1-2: Ball 2-2: Ball 3-2: Foul Ball, location: 2F 3-2: Foul Ball, location: 2F 3-2: SINGLE (Groundball, 6MD, EV 94.4 MPH) Andre Gorter to third Runner from 3rd tries for Home, SAFE, throw by CF to home
|
Batting: RHB Roger Salazar
|
0-0: Hit by Pitch Mark Barger to second
|
Batting: RHB Seth Tramontano
|
0-0: Called Strike 0-1: Ball 1-1: Foul Ball, location: 2F 1-2: Fly out, F9 (Flyball, 9D, EV 91.9 MPH)
|
Bottom of the 5th over - 2 runs, 2 hits, 0 errors, 2 left on base; Atlanta 1 - Miami 7 |
TOP OF THE 6TH |
Atlanta Braves batting - Pitching for Miami Marlins : RHP John Dinsmore
|
Batting: RHB Ray Llewellyn
|
0-0: Called Strike 0-1: Swinging Strike 0-2: Ball 1-2: Ball 2-2: Foul Ball, location: 2F 2-2: Strikes out swinging
|
Batting: RHB Liu-liang Lei
|
0-0: Ball 1-0: Ball 2-0: Ball 3-0: Called Strike 3-1: Foul Ball, location: 2F 3-2: Base on Balls
|
Pitching: RHP Julio Espinel
|
|
Batting: RHB Jim Zucco
|
0-0: Called Strike 0-1: Ball 1-1: Ball 2-1: Foul Ball, location: 2F 2-2: Ball 3-2: Base on Balls Liu-liang Lei to second
|
Batting: RHB Butch Kaiser
|
0-0: Called Strike 0-1: Swinging Strike 0-2: Strikes out swinging
|
Batting: LHB Tom Best
|
0-0: Swinging Strike 0-1: Ball 1-1: Ball 2-1: Ball 3-1: Base on Balls Liu-liang Lei to third Jim Zucco to second
|
Batting: LHB Colin Worthington
|
0-0: Ground out 3-1 (Groundball, 34, EV 101.9 MPH)
|
Top of the 6th over - 0 runs, 0 hits, 0 errors, 3 left on base; Atlanta 1 - Miami 7 |
BOTTOM OF THE 6TH |
Miami Marlins batting - Pitching for Atlanta Braves : RHP Alex Montes
|
Batting: RHB Micah Christopher
|
0-0: Ball 1-0: Swinging Strike 1-1: Ball 2-1: Fly out, F8 (Flyball, 8RXD, EV 98.8 MPH)
|
Batting: RHB Steve Barnard
|
0-0: Ground out 6-3 (Groundball, 6, EV 87.5 MPH)
|
Batting: RHB Jeff Garofalo
|
0-0: Ball 1-0: Ball 2-0: Ball 3-0: Called Strike 3-1: Base on Balls
|
Batting: RHB Justin Huff
|
0-0: DOUBLE (Line Drive, 78XD, EV 105.6 MPH) Jeff Garofalo to third Runner from 3rd tries for Home, SAFE, throw by CF to home
|
Batting: LHB Andre Gorter
|
0-0: Ball 1-0: Called Strike 1-1: Foul Ball, location: 2F 1-2: Ball 2-2: Foul Ball, location: 2F 2-2: Foul Ball, location: 2F 2-2: Ball 3-2: DOUBLE (Flyball, 78D, EV 100.0 MPH) Justin Huff scores
|
Pitching: RHP Mike Aguilar
|
|
Batting: RHB Jimmy Groseclose
|
0-0: Called Strike 0-1: Foul Ball, location: 2F 0-2: Foul Ball, location: 2F 0-2: Strikes out looking
|
Bottom of the 6th over - 2 runs, 2 hits, 0 errors, 1 left on base; Atlanta 1 - Miami 9 |
TOP OF THE 7TH |
Atlanta Braves batting - Pitching for Miami Marlins : RHP Julio Espinel
|
Batting: LHB Yasahiko Teshima
|
0-0: Ball 1-0: Called Strike 1-1: Ground out 4-3 (Groundball, 4, EV 104.4 MPH)
|
Batting: RHB Danny Anderson
|
0-0: Ball 1-0: Ball 2-0: Called Strike 2-1: Foul Ball, location: 2F 2-2: Strikes out swinging
|
Batting: RHB Liangde Li
|
0-0: Ball 1-0: Called Strike 1-1: Fly out, F9 (Flyball, 89S, EV 93.8 MPH)
|
Top of the 7th over - 0 runs, 0 hits, 0 errors, 0 left on base; Atlanta 1 - Miami 9 |
BOTTOM OF THE 7TH |
Miami Marlins batting - Pitching for Atlanta Braves : RHP Mike Aguilar
|
Batting: RHB Mark Barger
|
0-0: Called Strike 0-1: Called Strike 0-2: Ground out 5-3 (Groundball, 56S, EV 93.1 MPH)
|
Pinch Hitting: RHB Josh Crenwelge
|
0-0: Ball 1-0: Ball 2-0: Swinging Strike 2-1: Called Strike 2-2: Foul Ball, location: 2F 2-2: Ground out 4-3 (Groundball, 4, EV 83.1 MPH)
|
Batting: RHB Seth Tramontano
|
0-0: Ball 1-0: Ball 2-0: Ball 3-0: Base on Balls
|
Batting: RHB Micah Christopher
|
0-0: Ball 1-0: Ball 2-0: Fly out, F1 (Line Drive, P, EV 59.4 MPH)
|
Bottom of the 7th over - 0 runs, 0 hits, 0 errors, 1 left on base; Atlanta 1 - Miami 9 |
TOP OF THE 8TH |
Atlanta Braves batting - Pitching for Miami Marlins : RHP Julio Espinel
|
Now at SS: Tommy Hughes
|
|
Batting: RHB Ray Llewellyn
|
0-0: Called Strike 0-1: Ball 1-1: Foul Ball, location: 2F 1-2: Strikes out swinging
|
Batting: RHB Liu-liang Lei
|
0-0: Ball 1-0: Ground out 4-3 (Groundball, 34, EV 93.1 MPH)
|
Batting: RHB Jim Zucco
|
0-0: Ball 1-0: Ball 2-0: Foul Ball, location: 2F 2-1: Foul Ball, location: 2F 2-2: Ball 3-2: Base on Balls
|
Batting: RHB Butch Kaiser
|
0-0: Ball 1-0: Fielders Choice at 2nd, 6-4 (Groundball, 6, EV 111.3 MPH)
|
Top of the 8th over - 0 runs, 0 hits, 0 errors, 1 left on base; Atlanta 1 - Miami 9 |
BOTTOM OF THE 8TH |
Miami Marlins batting - Pitching for Atlanta Braves : RHP Mike Aguilar
|
Batting: RHB Steve Barnard
|
0-0: Ball 1-0: Ball 2-0: Foul Ball, location: 2F 2-1: Swinging Strike 2-2: Ball 3-2: Strikes out swinging
|
Batting: RHB Jeff Garofalo
|
0-0: Ball 1-0: Called Strike 1-1: Swinging Strike 1-2: Strikes out looking
|
Batting: RHB Justin Huff
|
0-0: Ball 1-0: Called Strike 1-1: Fly out, F9 (Flyball, 9D, EV 96.9 MPH)
|
Bottom of the 8th over - 0 runs, 0 hits, 0 errors, 0 left on base; Atlanta 1 - Miami 9 |
TOP OF THE 9TH |
Atlanta Braves batting - Pitching for Miami Marlins : RHP Julio Espinel
|
Batting: LHB Tom Best
|
0-0: Ball 1-0: Called Strike 1-1: Ground out 1-3 (Groundball, 13S, EV 63.1 MPH)
|
Batting: LHB Colin Worthington
|
0-0: Ball 1-0: Ball 2-0: Called Strike 2-1: Foul Ball, location: 2F 2-2: SINGLE (Line Drive, 78S, EV 91.3 MPH)
|
Batting: LHB Yasahiko Teshima
|
0-0: Grounds into double play, 3-6-1 (Groundball, 34, EV 85.6 MPH)
|
Top of the 9th over - 0 runs, 1 hit, 0 errors, 0 left on base; Atlanta 1 - Miami 9 |
|